Map: Romanticídio LE

Players

Darkness

  • Race: Protoss Protoss
  • League: Master
  • Spawn Location: 5:00

TheZergLord - Winner!

  • Race: Zerg Zerg
  • Spawn Location: 11:00

Event: DreamHack SC2 Masters 2020 Winter

VOD

Have the link to the VOD?

Description

Time

  • Played on: Oct. 16, 2020, 7:49 p.m.
  • Length: 9:08

All games in this series

Show
View Real Time Build Order
Export as new Build Order

Darkness Protoss 

Build Orders: 1 Gate Expand, Oracle Opening 

Get SALT Encoding   

  12  0:00  Probe  
  13  0:12  Probe  
  14  0:18  Pylon  
  14  0:24  Probe (Chrono Boost)  
  15  0:36  Probe (Chrono Boost)  
  15  0:38  Gateway  
  16  0:45  Probe (Chrono Boost)  
  16  0:46  Assimilator  
  17  0:51  Probe  
  18  1:03  Probe  
  19  1:15  Probe  
  20  1:23  Nexus  
  20  1:34  Cybernetics Core  
  20  1:37  Probe  
  21  1:45  Assimilator  
  21  1:49  Probe  
  22  1:54  Pylon  
  22  2:01  Probe  
  23  2:12  Adept (Chrono Boost)  
  23  2:13  Probe (Chrono Boost)  
  26  2:19  Stargate  
  26  2:26  Probe (Chrono Boost)  
  26  2:28  Warp Gate  
  27  2:31  Probe (Chrono Boost)  
  27  2:35  Probe  
  29  2:38  Adept  
  29  2:40  Probe  
  32  2:47  Probe  
  33  2:52  Probe  
  33  2:55  Gateway  
  34  2:59  Probe  
  34  3:01  Oracle (Chrono Boost)  
  38  3:06  Probe  
  38  3:11  Probe  
  40  3:16  Pylon  
  40  3:18  Probe  
  40  3:19  Adept  
  43  3:23  Probe  
  44  3:33  Oracle (Chrono Boost)  
  44  3:35  Pylon  
  44  3:36  Probe x2  
  44  3:40  Assimilator  
  50  3:48  Probe x2  
  51  4:00  Probe x2, Oracle (Chrono Boost)  
  56  4:11  Pylon  
  56  4:12  Probe  
  56  4:16  Nexus  
  57  4:17  Pylon  
  57  4:21  Probe  
  58  4:24  Probe  
  58  4:30  Assimilator, Phoenix (Chrono Boost)  
  61  4:34  Probe  
  61  4:37  Probe  
  61  4:38  Robotics Facility  
  63  4:45  Twilight Council  
  63  4:46  Forge, Probe  
  63  4:49  Adept  
  63  4:51  Probe  
  67  4:55  Shield Battery  
  67  4:58  Probe  
  68  5:03  Adept, Probe  
  67  5:10  Probe  
  66  5:15  Probe  
  66  5:20  Protoss Ground Weapons Level 1, Adept  
  69  5:22  Blink, Probe  
  69  5:27  Shield Battery, Probe  
  71  5:32  Adept  
  71  5:33  Probe  
  71  5:34  Probe  
  75  5:39  Probe  
  75  5:40  Observer  
  77  5:43  Adept  
  77  5:45  Probe  
  77  5:46  Gateway, Probe  
  77  5:48  Gateway  
  81  5:51  Pylon, Probe  
  82  5:57  Probe  
  82  5:58  Probe  
  82  6:03  Probe  
  85  6:04  Sentry  
  85  6:09  Probe, Void Ray (Chrono Boost)  
  85  6:10  Probe, Sentry  
  91  6:14  Immortal (Chrono Boost)  
  91  6:15  Probe  
  91  6:17  Assimilator x2  
  100  6:21  Probe  
  97  6:29  Zealot  
  97  6:31  Gateway  
  85  6:33  Gateway  
  85  6:34  Gateway  
  85  6:36  Zealot  
  77  6:46  Immortal  
  78  6:53  Zealot  
  77  6:56  Probe  
  78  7:08  Pylon x2  
  78  7:28  Zealot x3  
  84  7:35  Pylon  
  84  7:36  Pylon  
  77  7:41  Gateway  
  77  7:43  Pylon  
  77  7:45  Gateway  
  77  7:52  Nexus  
  77  7:55  Pylon  
  77  7:59  Zealot  
  79  8:10  Zealot, Probe x2  
  83  8:21  Stalker x4  
  83  8:22  Probe  
  83  8:25  Probe  
  93  8:34  Probe  
  93  8:37  Probe  
  95  8:43  Zealot  
  95  8:46  Probe  
  95  8:47  Zealot x3  
  93  8:49  Probe  
  91  8:57  Stalker x2  
Show
View Real Time Build Order
Export as new Build Order

TheZergLord Zerg - Winner!

Build Orders: Hatch First 

Get SALT Encoding   

  12  0:02  Drone  
  13  0:13  Overlord  
  13  0:17  Drone  
  14  0:31  Drone x2  
  16  0:50  Hatchery  
  16  0:52  Drone  
  16  0:55  Drone  
  17  0:58  Drone  
  18  1:11  Extractor  
  17  1:14  Spawning Pool  
  17  1:16  Drone  
  17  1:19  Drone  
  18  1:29  Drone  
  19  1:41  Drone  
  20  1:52  Overlord  
  20  2:01  Queen x2  
  20  2:02  Zergling x4  
  26  2:12  Drone  
  26  2:13  Drone  
  26  2:14  Metabolic Boost  
  28  2:23  Drone x2  
  30  2:35  Hatchery  
  29  2:41  Drone  
  29  2:42  Zergling x2  
  31  2:46  Queen  
  33  2:55  Overlord  
  33  2:56  Drone x2  
  35  2:59  Drone  
  36  3:09  Overlord  
  36  3:14  Drone x2  
  36  3:17  Overlord  
  36  3:18  Drone x2  
  40  3:22  Drone  
  40  3:24  Queen  
  43  3:29  Drone  
  43  3:32  Spore Crawler  
  43  3:33  Drone  
  44  3:38  Spore Crawler  
  43  3:42  Zergling x2  
  43  3:44  Zergling x2  
  43  3:46  Queen  
  46  3:55  Drone  
  46  3:56  Drone x5  
  46  4:00  Drone x2  
  54  4:08  Overlord  
  54  4:10  Drone x3  
  57  4:18  Spore Crawler  
  57  4:20  Lair  
  57  4:21  Zergling x4  
  57  4:22  Zergling x2  
  58  4:33  Overlord  
  58  4:36  Drone  
  58  4:37  Drone x6  
  58  4:38  Drone  
  66  4:40  Extractor  
  66  4:41  Extractor  
  66  4:43  Overlord  
  64  4:50  Spore Crawler  
  62  4:53  Zergling x10  
  62  4:55  Overlord  
  65  5:02  Zergling x4  
  66  5:12  Zergling x10  
  66  5:14  Drone x6  
  72  5:17  Queen  
  75  5:24  Nydus Network  
  75  5:25  Zergling x4  
  75  5:26  Zergling x2  
  75  5:36  Queen  
  75  5:39  Queen  
  75  5:42  Zergling x6  
  82  5:43  Zergling x6  
  85  5:51  Zergling x8  
  85  5:53  Overlord x2  
  89  6:00  Nydus Canal  
  88  6:11  Zergling x4  
  89  6:12  Zergling x2  
  89  6:15  Nydus Canal  
  88  6:31  Zergling x8  
  86  6:37  Zergling x8  
  88  6:46  Zergling x10  
  88  6:47  Zergling x2  
  90  6:50  Queen  
  90  6:51  Extractor, Queen x2  
  90  6:52  Extractor, Spire  
  92  7:08  Drone x5, Extractor  
  94  7:09  Drone  
  93  7:19  Drone x3  
  95  7:23  Zergling x4  
  95  7:24  Zergling x12  
  95  7:27  Nydus Canal  
  100  7:40  Zergling x8  
  102  7:46  Nydus Canal  
  102  7:48  Hatchery  
  99  7:59  Overlord  
  99  8:00  Overlord x4  
  99  8:12  Mutalisk x2  
  99  8:13  Mutalisk  
  99  8:18  Mutalisk x6  
  99  8:19  Mutalisk x4  
  120  8:28  Drone x3  
  120  8:29  Drone  
  120  8:31  Evolution Chamber, Mutalisk  
  125  8:34  Mutalisk  
  125  8:38  Extractor  
  125  8:43  Mutalisk  
  125  8:44  Mutalisk  
Tags
 
Add a new tag
Caveats
  • Supply blocks, unpowered buildings, or Contaminate may cause inaccurate times.
  • Supply counts are checked every 10 seconds.